 Dungeon Crawl Stone Soup version 0.14-a0-1570-g671a4b6 (webtiles) character file.

1010 M4edhros the Insei (level 7, -3/43 HPs)
             Began as an Octopode Transmuter on Dec 21, 2013.
             Was a Plaything of Xom.
             Slain by a sky beast (4 damage)
             ... on Level 5 of the Dungeon.
             The game lasted 00:07:28 (4137 turns).

M4edhros the Insei (Octopode Transmuter)            Turns: 4137, Time: 00:07:28

HP  -3/43        AC  1     Str  9      XL: 7   Next: 98%
MP   0/12        EV 13     Int 17      God: Xom
Gold 177         SH  0     Dex 13      Spells:  2 memorised,  6 levels left

rFire  . . .     SeeInvis .       - Unarmed
rCold  . . .     Clarity  .     (no shield)
rNeg   . . .     Conserve .     (helmet restricted)
rPois  .         rCorr    .     n - amulet of guardian spirit
rElec  .         rRot     .     (no ring)
SustAb . .       Spirit   +     (no ring)
rMut   .         Warding  .     (no ring)
Saprov . . .     Stasis   .     (no ring)
                                (no ring)
                                (no ring)
                                (no ring)
                                (no ring)

@: appendage, slightly resistant to hostile enchantments, fairly stealthy
A: almost no armour, amphibious, 8 rings, constrict 8, spike 3, camouflage 1,
gelatinous body 1
a: End Transformation, Renounce Religion


You were on level 5 of the Dungeon.
You worshipped Xom.
You were a toy of Xom.
You were not hungry.
One of your tentacles had a temporary spike.
You visited 2 branches of the dungeon, and saw 6 of its levels.

You collected 177 gold pieces.

Inventory:

Missiles
 b - 12 arrows
Magical devices
 e - a wand of digging (1)
 y - a wand of fire (1)
Comestibles
 a - 4 bread rations
 f - 11 strawberries
 k - 2 chokos
 s - 2 apples
 t - a rotting chunk of goblin flesh
Scrolls
 c - a scroll of recharging {unknown}
 g - 2 scrolls of enchant weapon II
 h - 2 scrolls of remove curse
 i - a scroll of immolation {unknown}
 l - a scroll of amnesia
 m - a scroll of blinking
 o - a scroll of noise
 r - a scroll of random uselessness
 u - a scroll of enchant weapon I
 w - a scroll of teleportation {unknown}
 x - a scroll of fear {unknown}
 z - a scroll of magic mapping {unknown}
Jewellery
 n - an amulet of guardian spirit (around mantle)
 p - an uncursed ring of fire {unknown}
 v - an uncursed ring of flight {unknown}
Potions
 A - a potion of confusion {unknown}
Books
 d - a book of Changes

   Spells                             Type                      Level
   *Beastly Appendage                 Transmutation                1
   Sticks to Snakes                   Transmutation                2
   *Spider Form                       Transmutation/Poison         3
   Ice Form                           Ice/Transmutation            4
   Blade Hands                        Transmutation                5


   Skills:
 - Level 1.0 Fighting
 + Level 2.9 Dodging
 - Level 7.0 Unarmed Combat
 - Level 2.0 Spellcasting
 - Level 5.1 Transmutations
 - Level 3.0 Poison Magic


You had 6 spell levels left.
You knew the following spells:

 Your Spells              Type           Power        Failure   Level  Hunger
a - Beastly Appendage     Trmt           ###...       2%          1    #......
b - Spider Form           Trmt/Pois      ###.......   12%         3    ####...


Dungeon Overview and Level Annotations

Branches:
Dungeon (5/16)             Temple (1/1) D:4

Altars:
Ashenzari
Elyvilon
Fedhas
Kikubaaqudgha
Makhleb
Nemelex Xobeh
Okawaru
Sif Muna
Vehumet
Xom
Yredelemnul
Zin
the Shining One


Innate Abilities, Weirdness & Mutations

You cannot wear most types of armour.
You are amphibious.
You can wear up to eight rings at the same time.*
You can use your tentacles to constrict many enemies at once.*
Your skin changes colour to match your surroundings (Stlth).*
Your rubbery body absorbs attacks (AC +1).*
One of your tentacles bears a large vicious spike.*


Message History

You hit the sky beast but do no damage. You squeeze the sky beast.
The sky beast is severely wounded.
The sky beast hits you. The sky beast shocks you.
* * * LOW HITPOINT WARNING * * *
You hit the sky beast.
The sky beast is almost dead.
The sky beast hits you.
* * * LOW HITPOINT WARNING * * *
The sky beast shocks you.
* * * LOW HITPOINT WARNING * * *
You barely miss the sky beast.
Your tentacle spike misses the sky beast.
The sky beast is almost dead.
The sky beast hits you but does no damage.
You barely miss the sky beast.
The sky beast is almost dead.
The sky beast flickers out of sight!
Deactivating autopickup; reactivate with Ctrl-A.
It hits you.
You die...

#.# #.# #.# #.# #
#.# # #.# ### #
#.#####....
#..........#
#..@........
..####
.................
......
...............
......
###.....#######
#..... #.....#
#..... #.....#
#..... #.....#
#..... ..)..#
#..... ..# +.....


There were no monsters in sight!

Vanquished Creatures
  The ghost of M4edhros the Changer, an average OpTm (D:3)
  A necrophage (D:4)
  An ogre (D:4)
  A centaur (D:5)
  The ghost of Bloax the Magician, an average DEIE (D:4)
  2 crimson imps
  A hound (D:3)
  3 worker ants
  Ijyb (D:2)
  A hound skeleton (D:3)
  Terence (D:2)
  5 adders
  4 giant geckos
  2 orcs
  A ball python (D:3)
  4 giant cockroaches
  9 goblins
  8 hobgoblins
  3 jackals (D:3)
  5 kobolds
  7 bats (D:1)
  6 giant newts
  A kobold zombie (D:4)
  An orc zombie (D:5)
  2 quokkas
  13 rats
85 creatures vanquished.

Notes
Turn   | Place    | Note
--------------------------------------------------------------
     0 | D:1      | M4edhros, the Octopode Transmuter, began the quest for the Orb.
     0 | D:1      | Reached XP level 1. HP: 13/13 MP: 3/3
   400 | D:1      | Reached XP level 2. HP: 9/18 MP: 4/4
   809 | D:1      | Reached skill level 4 in Unarmed Combat
  1195 | D:2      | Noticed Terence
  1285 | D:2      | Reached XP level 3. HP: 11/23 MP: 4/6
  1540 | D:2      | Killed Terence
  1992 | D:2      | Reached XP level 4. HP: 28/28 MP: 7/7
  2215 | D:2      | Noticed Ijyb
  2228 | D:2      | Killed Ijyb
  2228 | D:2      | Reached skill level 5 in Unarmed Combat
  2440 | D:3      | Reached XP level 5. HP: 27/33 MP: 9/9
  2629 | D:3      | Noticed M4edhros' ghost (average OpTm)
  2637 | D:3      | Killed M4edhros' ghost
  2637 | D:3      | Reached skill level 7 in Unarmed Combat
  2637 | D:3      | Reached XP level 6. HP: 16/38 MP: 4/10
  2642 | D:3      | Learned a level 3 spell: Spider Form
  3205 | D:3      | Found a deep blue altar of Sif Muna.
  3205 | D:3      | Found a basalt altar of Yredelemnul.
  3466 | D:4      | Found a staircase to the Ecumenical Temple.
  3496 | D:4      | Noticed a necrophage
  3510 | D:4      | Killed a necrophage
  3510 | D:4      | Reached skill level 1 in Poison Magic
  3510 | D:4      | Reached XP level 7. HP: 43/43 MP: 12/12
  3530 | Temple   | Entered the Ecumenical Temple
  3691 | Temple   | Became a worshipper of Xom the Psychopath
  3774 | D:4      | Noticed Bloax's ghost (average DEIE)
  3774 | D:4      | XOM: harmless Fire miscast
  3780 | D:4      | Killed Bloax's ghost
  3939 | D:5      | Entered Level 5 of the Dungeon
  3987 | D:5      | Reached skill level 5 in Transmutations
  4103 | D:5      | XOM: harmless Hex miscast
  4135 | D:5      | HP: 1/43 [sky beast (5)]
  4137 | D:5      | Slain by a sky beast

Action                   |  1- 3 |  4- 6 |  7- 9 || total
-------------------------+-------+-------+-------++-------
Melee: Unarmed           |    88 |    70 |    53 ||   211
 Cast: Beastly Appendage |     8 |    10 |     5 ||    23
       Spider Form       |       |       |     1 ||     1
Evoke: Wand              |       |     1 |     3 ||     4
  Use: Potion            |     7 |       |     5 ||    12
       Scroll            |       |     8 |       ||     8
 Stab: Sleeping          |     2 |     2 |     1 ||     5
